[Event "GER-ch Youth-U16 2022"]
[Site "Willingen"]
[Date "2022.06.09"]
[Round "7.7"]
[White "Ohler, Julius"]
[Black "Kort, Felix"]
[Result "1-0"]
[ECO "A20"]
[WhiteElo "2011"]
[BlackElo "1894"]
[Annotator "TA"]
[PlyCount "109"]
[EventDate "2022.06.05"]
[EventType "swiss"]
[EventRounds "9"]
[EventCountry "GER"]
[SourceTitle "playchess.com"]
[Source "ChessBase"]
[SourceQuality "1"]
[TimeControl "40/4500+30:900+30"]

1. c4 e5 2. g3 Nf6 3. Bg2 d5 4. cxd5 Nxd5 5. Nc3 Nb6 6. Nf3 Nc6 7. O-O Be6 (7... Be7 $11) 8. d4 $1 $14 {[%emt 0:00:00] A29: English Opening: Four Knights Variation with 4 g3.} exd4 9. Nb5 Qd7 10. Nfxd4 {[%emt 0:00:00] White is slightly better.} (10. Bf4 $5 Nd5 11. Nfxd4 Nxf4 12. gxf4 Nxd4 13. Nxd4 $11) 10... Nxd4 11. Nxd4 O-O-O 12. Bg5 f6 {[%emt 0:00:10] [#]} 13. Bxf6 gxf6 14. Nxe6 Qxe6 {[%emt 0:00:04] [#]} 15. Bxb7+ $1 Kxb7 16. Qxd8 {[%emt 0:00:00] [#]} f5 $146 ({Predecessor:} 16... Rg8 17. Qd3 f5 18. Qf3+ c6 19. Rac1 Nd5 20. Rfd1 Be7 21. Rc4 Rc8 22. b4 a6 {1-0 (29) Esin,M (1811)-Linart,L (1524) LSS email 2015}) 17. Rac1 Qe5 18. Qd3 Bd6 19. Qf3+ Kb8 20. Rc3 (20. Qc3 $16) 20... h5 21. Rd1 h4 22. e3 Qe6 23. Rb3 hxg3 24. hxg3 Qh6 (24... Qc4 $14) 25. a4 $1 $16 {[%emt 0:12:54] Active counter play!} ({Reject} 25. Qg2 $6 Qh5 26. Rd2 Qg6 $14) 25... Qh2+ 26. Kf1 {[%emt 0:00:15] a5 is the strong threat.} Qh1+ 27. Ke2 {[%emt 0:00:15] Dancing on a razor blade.} ({White should try} 27. Qxh1 $1 $16 Rxh1+ 28. Ke2 Rxd1 29. Kxd1) 27... Qxf3+ $14 28. Kxf3 {[%emt 0:00:05] Black must now prevent a5.} Kc8 29. Rb5 Rf8 $1 30. b3 Rf6 31. Rh1 c6 32. Ra5 Kb7 (32... Kb8 $14) 33. Rh7+ $16 Bc7 34. Rc5 Nd5 35. Rc4 a5 36. Kg2 (36. Rch4 $142 $1) 36... Kb6 37. e4 (37. Rch4 $16) 37... fxe4 $14 38. Rxe4 Kc5 39. f4 Bxf4 {[%emt 0:01:44] White leaves nothing to chance now.} 40. gxf4 $18 Rxf4 (40... Nxf4+ {is a better defense.} 41. Kg3 Nd5) 41. Rxf4 Nxf4+ $14 {[%emt 0:00:00][%mdl 4096] Endgame KR-KN} 42. Kf3 Ne6 {[%emt 0:00:22] ( -> ...Ng5+)} 43. Rb7 $1 {[%emt 0:00:00][%cal Ob3b4] Strongly threatening b4+!} Kd4 $2 {[%emt 0:06:26] [#]} (43... Kd6 $18 44. b4 axb4 45. Rxb4 Kd7) 44. b4 $1 axb4 45. a5 {[%emt 0:00:00] Intending a6 and mate.} Nc5 46. Rxb4+ {[%emt 0:00:00] White mates.} Kd5 47. Ke3 Kd6 {[%emt 0:05:12] [#]} 48. Kd4 $1 Ne6+ 49. Kc4 Nc7 50. Rb7 Kd7 51. Kc5 Kc8 52. Kxc6 Ne6 53. Rh7 Kb8 54. Kb6 Nc5 55. Rh8# {Weighted Error Value: White=0.08 (flawless) /Black=0.37} 1-0

[Event "GER-ch Youth-U16 2022"]
[Site "Willingen"]
[Date "2022.06.09"]
[Round "7.8"]
[White "Trushko, Andrii"]
[Black "Rempe, Jonas"]
[Result "1-0"]
[ECO "B06"]
[WhiteElo "1897"]
[BlackElo "1856"]
[Annotator "NA RC COMBH"]
[PlyCount "87"]
[EventDate "2022.06.05"]
[EventType "swiss"]
[EventRounds "9"]
[EventCountry "GER"]
[SourceTitle "playchess.com"]
[Source "ChessBase"]
[SourceQuality "1"]
[TimeControl "40/4500+30:900+30"]

1. d4 g6 2. e4 Bg7 3. c4 d6 4. Nc3 Nf6 $14 5. Bd3 O-O 6. Nge2 Nbd7 7. h3 e5 8. d5 Ne8 9. g4 Nc5 10. Ng3 Nxd3+ 11. Qxd3 Bd7 12. Be3 f5 13. gxf5 gxf5 14. exf5 Qc8 15. Kd2 Bxf5 16. Nxf5 Qxf5 17. Rag1 c5 18. Rg5 Qxd3+ 19. Kxd3 Kh8 20. Rg3 Rd8 21. Rhg1 Rd7 22. Ne4 h6 23. Rg6 Kh7 24. Re6 Nf6 25. Nxd6 Nh5 26. Ne4 Nf4+ 27. Bxf4 Rxf4 28. Ke3 Rdf7 29. Rg3 b6 30. a3 Rf8 31. b4 cxb4 32. axb4 R8f7 33. d6 Kg8 34. c5 bxc5 35. bxc5 Rb7 36. Rxe5 Rff7 37. Re8+ Kh7 38. c6 Rb3+ 39. Ke2 Rb2+ 40. Kf1 Bd4 41. Re7 Rxe7 42. dxe7 Bxf2 43. Nf6+ Kh8 44. e8=Q# 1-0

[Event "GER-ch Youth-U16 2022"]
[Site "Willingen"]
[Date "2022.06.09"]
[Round "7.9"]
[White "Neuber, Pascal"]
[Black "Albert, Markus"]
[Result "0-1"]
[ECO "C20"]
[WhiteElo "1802"]
[BlackElo "2053"]
[Annotator "TA"]
[PlyCount "52"]
[EventDate "2022.06.05"]
[EventType "swiss"]
[EventRounds "9"]
[EventCountry "GER"]
[SourceTitle "playchess.com"]
[Source "ChessBase"]
[SourceQuality "1"]
[TimeControl "40/4500+30:900+30"]

1. e4 e5 2. c4 Bc5 3. Nc3 Nf6 4. g3 a6 5. Bg2 d6 6. Nge2 {[%emt 0:00:00] A22: English Opening: 1...e5 2 Nc3 Nf6.} Be6 7. d3 c6 (7... Ng4 {looks sharper.} 8. O-O h5 9. h4 O-O) 8. O-O {[%emt 0:00:00] [#] The position is equal.} h5 $146 ({Predecessor:} 8... Qd7 9. b3 Bh3 10. d4 Bxg2 11. Kxg2 Ba7 12. f4 Qc7 13. c5 exd4 14. cxd6 Qa5 {1-0 (36) Castano,N (1692)-Garces,J (1898) Santa Rosa 2021}) 9. Bg5 Qd7 10. Qd2 (10. d4 $14 exd4 11. Bxf6 gxf6 12. Nxd4) 10... Ng4 $11 11. Be3 (11. d4 $11 {keeps the balance.} exd4 12. Nxd4) 11... Nxe3 $17 12. fxe3 h4 (12... Ba7 $17) 13. d4 $15 Ba7 14. b3 ({White should play} 14. d5 Bg4 15. b4) 14... Qe7 $17 15. Qe1 (15. d5 $17 {was called for.} Qg5 16. Nd1) 15... Nd7 16. h3 Qg5 17. Rf3 Nf6 18. gxh4 (18. Rb1 $142) 18... Rxh4 $19 19. Qg3 Qh6 20. dxe5 dxe5 ({Wrong is} 20... Nxe4 $2 21. Nxe4 Rxe4 22. Nf4 $17) 21. Rd1 Nxe4 22. Nxe4 Rxe4 23. Rd3 Rd8 {[%emt 0:01:28] Black is clearly winning.} 24. Rc3 Rd2 25. Nc1 Rf4 {[%emt 0:03:36] [#] And now ...Rxf3 would win.} 26. Kh2 Rg4 {[%emt 0:00:53] Weighted Error Value: White=0.78/Black=0.25 (precise)} 0-1

[Event "GER-ch Youth-U16 2022"]
[Site "Willingen"]
[Date "2022.06.09"]
[Round "7.10"]
[White "Lerchl, Clemens"]
[Black "Heinrich, John"]
[Result "0-1"]
[ECO "B44"]
[WhiteElo "1843"]
[BlackElo "2011"]
[Annotator "TA"]
[PlyCount "52"]
[EventDate "2022.06.05"]
[EventType "swiss"]
[EventRounds "9"]
[EventCountry "GER"]
[SourceTitle "playchess.com"]
[Source "ChessBase"]
[SourceQuality "1"]
[TimeControl "40/4500+30:900+30"]

1. e4 c5 2. Nf3 e6 3. d4 cxd4 4. Nxd4 Nc6 5. Nb5 d6 6. c4 a6 {[%emt 0:00:00] B44: Sicilian: Taimanov: 5 Nb5.} (6... Nf6 $5 ) 7. N5a3 Be7 (7... Nf6 $5 ) 8. Be2 Bf6 {[%emt 0:00:00] [#] The position is equal.} 9. Qd3 $146 ({Predecessor:} 9. Nc2 Nge7 10. Nc3 O-O 11. O-O Qc7 12. g4 g6 13. f4 b6 14. Rf3 Bg7 15. Qe1 {1-0 (44) Knop,H (2024)-Warnke,K (1625) Hamburg 2005}) 9... Nge7 10. Nc3 {[%emt 0:00:00] Prevents d5.} O-O 11. f4 Qb6 12. Nc2 Nd4 13. Nxd4 (13. Bd1 $11 {might be stronger.}) 13... Bxd4 $17 14. Bd2 Rd8 {[%emt 0:06:17] Black is more active.} (14... Qxb2 $2 15. Rb1 Bxc3 16. Rxb2 Bxb2 17. Bb4 $18 (17. Qxd6 Nc6 $16)) 15. Na4 Qa7 16. Ba5 Rd7 {[%emt 0:07:34][%cal Ob7b5] [#] White must now prevent ...b5!} 17. Qb3 {[%emt 0:07:58][%mdl 8192] Against b5. Now White is beyond hope.} (17. O-O-O $17 {is more resistant.} Nc6 18. Bc3) 17... b5 $19 {[%emt 0:04:21] Black is clearly winning.} 18. Nc3 Nc6 19. Bb4 bxc4 20. Qxc4 Nxb4 21. Qxb4 Rb8 22. Qc4 Rc7 23. Qa4 Bd7 {[%emt 0:01:48] A strong pair of Bishops.} 24. Qxa6 Rxb2 {[%emt 0:00:48] ( -> ...Qc5)} 25. Nd1 {[%emt 0:03:05] [#]} Rxe2+ $1 26. Qxe2 Bxa1 {[%emt 0:00:09] Weighted Error Value: White=0.83/Black=0.10 (very precise)} 0-1

[Event "GER-ch Youth-U16 2022"]
[Site "Willingen"]
[Date "2022.06.09"]
[Round "7.11"]
[White "Chassard, Cedric"]
[Black "Bungarten, Jona"]
[Result "1-0"]
[ECO "C67"]
[WhiteElo "2051"]
[BlackElo "1843"]
[Annotator "NA COMBH RC"]
[PlyCount "67"]
[EventDate "2022.06.05"]
[EventType "swiss"]
[EventRounds "9"]
[EventCountry "GER"]
[SourceTitle "playchess.com"]
[Source "ChessBase"]
[SourceQuality "1"]
[TimeControl "40/4500+30:900+30"]

1. e4 e5 2. Nf3 Nc6 3. Bb5 Nf6 4. O-O Nxe4 5. Re1 Nf6 6. Nxe5 Be7 7. d4 O-O 8. c4 Na5 9. Bd2 Nc6 10. Bc3 a6 11. Ba4 Rb8 12. Qd3 Nb4 13. Qe2 b5 14. cxb5 axb5 15. Bxb5 Nc2 16. Qxc2 Rxb5 17. Qe2 Rb6 18. Nxd7 Re6 19. Ne5 c5 20. Qd2 cxd4 21. Qxd4 Qc7 22. Nd2 Bc5 23. Qh4 Nd5 24. Bd4 Rh6 25. Qe4 Bxd4 26. Qxd4 Be6 27. Ndf3 Rc8 28. Nd3 Rd8 29. Rac1 Qa5 30. a3 Ne7 31. Qc5 Qa8 32. Qxe7 Rxd3 33. Red1 Rxd1+ {[%emt 0:01:06] 15.12} 34. Rxd1 1-0

[Event "GER-ch Youth-U16 2022"]
[Site "Willingen"]
[Date "2022.06.09"]
[Round "7.12"]
[White "Bock, Marlon"]
[Black "Mimkes, Antal"]
[Result "1-0"]
[ECO "C56"]
[WhiteElo "1816"]
[BlackElo "1696"]
[Annotator "NA RC COMBH"]
[PlyCount "119"]
[EventDate "2022.06.05"]
[EventType "swiss"]
[EventRounds "9"]
[EventCountry "GER"]
[SourceTitle "playchess.com"]
[Source "ChessBase"]
[SourceQuality "1"]
[TimeControl "40/4500+30:900+30"]

1. e4 e5 2. Nf3 Nc6 3. Bc4 Nf6 4. d4 exd4 5. O-O Nxe4 6. Re1 d5 7. Bxd5 Qxd5 8. Nc3 Qd8 9. Rxe4+ Be7 10. Nxd4 O-O 11. Bf4 f5 12. Nxc6 bxc6 13. Qxd8 Bxd8 14. Rc4 Rb8 15. b3 Bf6 16. Rd1 Bb7 17. Bxc7 Rbc8 18. Ba5 Rfe8 19. Na4 Ba6 20. Rc5 g6 21. Bc3 Rcd8 22. Rxd8 Rxd8 23. h3 Rd1+ 24. Kh2 Be7 25. Ra5 Be2 26. Be5 a6 27. c4 Re1 28. Bc7 Bh4 29. Re5 Bxf2 30. Ba5 Bd4 31. Bxe1 Bxe5+ 32. Kg1 Bd6 33. Kf2 Bd3 34. Nc3 Bc5+ 35. Kf3 Kf7 36. Bf2 Bxf2 37. Kxf2 f4 38. Kf3 g5 39. Ne4 Kg6 40. Nc5 Bb1 41. Nxa6 Bxa2 42. Nb4 Bxb3 43. Nxc6 Kf6 44. Na5 Bc2 45. h4 h6 46. hxg5+ hxg5 47. c5 Kf5 48. c6 g4+ 49. Kf2 Ke6 50. g3 f3 51. Nc4 Be4 52. c7 Kd7 53. c8=Q+ Kxc8 54. Nd6+ Kd7 55. Nxe4 Ke6 56. Ke3 Ke5 57. Nf2 Kf5 58. Kd4 Kf6 59. Nxg4+ Kg5 60. Nf2 1-0

[Event "GER-ch Youth-U16 2022"]
[Site "Willingen"]
[Date "2022.06.09"]
[Round "7.13"]
[White "Spriestersbach, Kai"]
[Black "Ehrig, Leon Chris"]
[Result "1/2-1/2"]
[ECO "B61"]
[WhiteElo "1948"]
[BlackElo "1890"]
[Annotator "TA"]
[PlyCount "83"]
[EventDate "2022.06.05"]
[EventType "swiss"]
[EventRounds "9"]
[EventCountry "GER"]
[SourceTitle "playchess.com"]
[Source "ChessBase"]
[SourceQuality "1"]
[TimeControl "40/4500+30:900+30"]

1. e4 c5 2. Nf3 d6 3. d4 cxd4 4. Nxd4 Nf6 5. Nc3 Bd7 6. Bg5 Nc6 7. Qd2 h6 8. Bxf6 gxf6 9. O-O-O Nxd4 10. Qxd4 Qa5 11. Kb1 Rc8 12. f4 Qc5 {[%emt 0:00:00] B61: Sicilian: Richter-Rauzer: 6...Bd7 7 Qd2.} 13. Qd3 f5 {[%emt 0:04:17] [#]} 14. e5 (14. exf5 $1 $16 {[%cal Of5f6] Strongly threatening f6!} Bxf5 15. Qg3) 14... Bg7 $11 {[%emt 0:02:03] White has an edge.} 15. Qg3 (15. Be2 $11) 15... O-O $15 {[%emt 0:19:32] [#]} 16. Rd5 $146 ({Predecessor:} 16. Bb5 Be6 17. Rhe1 dxe5 18. fxe5 Rfd8 19. Rxd8+ Rxd8 20. Bd3 b5 21. Bxb5 Rb8 22. Ba4 {1-0 (63) Bodnaruk,A (2412)-Savina,A (2325) Sochi 2012}) 16... Qb6 17. Be2 a6 18. Re1 Be6 {[%emt 0:05:10] aiming for ...Rxc3.} 19. Rd3 dxe5 20. fxe5 Qa5 21. Bf3 {[%emt 0:01:11] [#]} (21. a3 $142) 21... Rc5 (21... Rxc3 $1 $17 22. bxc3 (22. Rxc3 $2 Qxa2+ 23. Kc1 Qa1+ 24. Kd2 Qxb2 $19) 22... Bc4) 22. a3 ({Not} 22. Bxb7 $2 Rb8 23. Bd5 Bxd5 $19) 22... Rc4 (22... Rd8 $15 23. Rxd8+ (23. Bxb7 $2 Rb8 $19) 23... Qxd8) 23. Nd5 $11 ({Don't blunder} 23. Bxb7 $2 Rb8 24. Qf3 Qb6 $19) 23... Bxd5 24. Bxd5 Rg4 25. Qe3 e6 $1 26. Bf3 Rc4 27. Re2 b5 28. c3 {[%emt 0:08:18] Against b4} Qc7 $1 {[%emt 0:00:19] Against Rd7} 29. Rd4 Rc5 30. Qd2 Rxe5 31. Rd7 ({Better is} 31. Rxe5 $11 Qxe5 32. h3) 31... Rxe2 $15 32. Bxe2 Qxh2 33. Bf3 e5 34. Bd5 e4 35. Qf2 Qe5 36. g4 $2 (36. Qa7 $17 Qf6 37. Qc5) 36... f4 $2 (36... e3 $19 37. Qe2 fxg4) 37. Qa7 $11 Qf6 {[%emt 0:03:20] Hoping for ...f3.} 38. Bxe4 f3 {[%emt 0:00:09] White must now prevent ...f2.} 39. Qf2 $1 Qe6 (39... h5 $5 40. Qxf3 Qxf3 41. Bxf3 h4 $11) 40. Bf5 Qb3 41. Qxf3 Re8 {[%emt 0:00:00] Prevents Qe2. ( -> ...Re1+)} 42. Qd1 {[%emt 0:00:00] Prevents Re1.  Weighted Error Value: White=0.39/Black=0.40} (42. Bc2 $5 Re1+ 43. Rd1 Rxd1+ 44. Qxd1 $14) 1/2-1/2

[Event "GER-ch Youth-U16 2022"]
[Site "Willingen"]
[Date "2022.06.09"]
[Round "7.14"]
[White "Beyer, Lorenz"]
[Black "Tovmasyan, Minas"]
[Result "1/2-1/2"]
[ECO "A45"]
[WhiteElo "1512"]
[BlackElo "1933"]
[Annotator "TA"]
[PlyCount "80"]
[EventDate "2022.06.05"]
[EventType "swiss"]
[EventRounds "9"]
[EventCountry "GER"]
[SourceTitle "playchess.com"]
[Source "ChessBase"]
[SourceQuality "1"]
[TimeControl "40/4500+30:900+30"]

1. d4 Nf6 2. Bf4 d5 3. e3 c5 4. c3 Qb6 5. b3 Nc6 {[%emt 0:00:00] ...cxd4 is the strong threat.} 6. Nf3 {[%emt 0:00:00] D00: 1 d4 d5: Unusual lines.} Bg4 7. Be2 e6 8. O-O Be7 9. h3 Bh5 10. Ne5 Bxe2 11. Qxe2 O-O 12. Nd2 Rac8 13. Ndf3 {[%emt 0:05:43] [#]} h6 $146 ({Predecessor:} 13... cxd4 14. cxd4 Nxe5 15. Nxe5 Rc3 16. Qb2 Rfc8 17. Rac1 Qa5 18. Rxc3 Qxc3 19. Qe2 a6 {0-1 (50) Becker,G (1707)-Gypser,A (2064) Ludwigshafen 1998}) 14. g4 Nxe5 15. Nxe5 cxd4 16. cxd4 Rc3 17. g5 (17. Rac1 $11 Qa5 18. Rxc3 Qxc3 19. h4) 17... hxg5 $15 18. Bxg5 Qc7 (18... Rfc8 {feels hotter.} 19. Qf3 Qb5 20. Kh1 Rc2) 19. Bxf6 Bxf6 20. Ng4 Be7 21. Kh1 f5 (21... g6 $17 22. Rad1 Bd6) 22. Ne5 $11 Rf6 {[%emt 0:04:53] Against Ng6} 23. Qh5 {[%emt 0:09:46] [#] Strongly threatening Rg1.} Rh6 24. Qf7+ Kh7 25. Rg1 $36 {[%emt 0:03:48][%csl Gg1][%cal Rf7g7][%mdl 2048] White has some pressure.} Bf6 (25... Rxh3+ $14 26. Kg2 Rh6) 26. Qxe6 $16 {[%emt 0:01:36] White is much more active.} Bxe5 27. Qxf5+ ({Much less strong is} 27. Qxe5 $6 f4 28. Qf5+ (28. Qxf4 Qxf4 29. exf4 Rf3 $11) (28. Qxd5 Qc8 $17) 28... g6 $14) 27... g6 28. Qxe5 Qd7 (28... Qxe5 $16 29. dxe5 Rc2) 29. Rg3 $18 Rh5 30. Qf4 Rxh3+ {[%emt 0:00:55] [#]} 31. Kg2 $1 Rxg3+ (31... Rh5 $142 32. Rh1 (32. Qf6 Rc6 $16) 32... Rxh1 33. Kxh1 Qf5) 32. Qxg3 {[%emt 0:00:16][%mdl 4096] Endgame KQR-KQR} ({Don't play} 32. Kxg3 $6 Qc7 33. Qxc7+ Rxc7 $16) 32... Qf5 33. Rh1+ Kg7 34. Rh4 {[%emt 0:00:20] Prevents Qe4+. Hoping for Qd6.} Rc1 35. Rg4 (35. Qe5+ $18 Qxe5 36. dxe5) 35... Qh5 36. Rh4 {[%emt 0:03:52] Inhibits Qh1+.} Qf5 37. Qh2 Qg5+ 38. Kf3 {[%emt 0:00:44] Black must now prevent Rh7+.} Qf5+ 39. Kg2 (39. Qf4 $16) 39... Qg5+ $14 40. Kf3 (40. Kh3 $1 $14) 40... Qf5+ {[%emt 0:00:07] Weighted Error Value: White=0.26 (precise) /Black=0.14 (very precise)} 1/2-1/2

[Event "GER-ch Youth-U16 2022"]
[Site "Willingen"]
[Date "2022.06.09"]
[Round "7.15"]
[White "Guo, Philipp Ziming"]
[Black "Hecht, Jonas Christian"]
[Result "0-1"]
[ECO "C68"]
[WhiteElo "1825"]
[BlackElo "1884"]
[Annotator "NA RC COMBH"]
[PlyCount "106"]
[EventDate "2022.06.05"]
[EventType "swiss"]
[EventRounds "9"]
[EventCountry "GER"]
[SourceTitle "playchess.com"]
[Source "ChessBase"]
[SourceQuality "1"]
[TimeControl "40/4500+30:900+30"]

1. e4 e5 2. Nf3 Nc6 3. Bb5 a6 4. Bxc6 dxc6 5. O-O Bd6 6. d4 Bg4 7. dxe5 Bxf3 8. Qxf3 Bxe5 9. Nd2 Qf6 10. Nc4 Qxf3 11. gxf3 Bd4 12. c3 Bc5 13. Rd1 b5 14. Na5 Ne7 15. Nb7 Bb6 16. Be3 O-O 17. Nc5 Rfe8 18. Rd2 Ng6 19. Kg2 f5 20. Rad1 f4 21. Bd4 Nh4+ 22. Kh3 Nxf3 23. Rd3 Ne5 24. Bxe5 Rxe5 25. Nd7 Rxe4 26. Nxb6 cxb6 27. Rd7 Rae8 28. Rb7 R8e7 29. Rxb6 Re2 30. Kg2 Rxb2 31. Rxa6 Ree2 32. Rd8+ Kf7 33. Rd7+ Ke6 34. Rd1 Rxf2+ 35. Kg1 Rg2+ 36. Kf1 Rbf2+ 37. Ke1 Rxh2 38. Rxc6+ Kf5 39. Rc5+ Kg4 40. Rc7 g5 41. Rxh7 Rxh7 42. Kxf2 Rh2+ 43. Kg1 Rxa2 44. Rd5 Rc2 45. Rxb5 Rxc3 46. Ra5 Rc2 47. Rb5 f3 48. Ra5 Kh4 49. Kh1 g4 50. Ra1 Kg3 51. Rg1+ Kh3 52. Rf1 Rh2+ 53. Kg1 f2+ 0-1

[Event "GER-ch Youth-U16 2022"]
[Site "Willingen"]
[Date "2022.06.09"]
[Round "7.16"]
[White "Gluma, Christian"]
[Black "Weidenhoefer, Max"]
[Result "1-0"]
[ECO "B01"]
[WhiteElo "2012"]
[BlackElo "1945"]
[Annotator "TA"]
[PlyCount "73"]
[EventDate "2022.06.05"]
[EventType "swiss"]
[EventRounds "9"]
[EventCountry "GER"]
[SourceTitle "playchess.com"]
[Source "ChessBase"]
[SourceQuality "1"]
[TimeControl "40/4500+30:900+30"]

1. e4 d5 2. exd5 Qxd5 3. Nc3 Qd6 4. d4 Nf6 5. Nf3 c6 6. Ne5 Nbd7 {[%emt 0:00:00] B01: Scandinavian Defence.} 7. Nc4 Qc7 8. Qf3 Nb6 {[%emt 0:00:00] White has an edge.} 9. Bf4 Qd7 10. O-O-O {[%emt 0:00:00][%cal Od4d5] [#] Strongly threatening d5!} Qg4 11. Qxg4 Bxg4 12. f3 Bf5 13. Nxb6 axb6 14. d5 {[%emt 0:04:29] [#]} g6 $146 (14... Bd7 $1 $11) ({Predecessor:} 14... Bd7 15. Bc4 b5 16. Bb3 b4 17. dxc6 Bxc6 18. Ne2 e6 19. Nd4 Ba4 20. Kb1 Bxb3 21. Nxb3 {½-½ (41) Persson,C (2578)-Stephan,J (2550) ICCF email 2010}) 15. Bc4 {[%emt 0:09:13] And now Rhe1 would win.} h5 16. Kb1 {[%emt 0:19:07] White is more active.} (16. Rhe1 $16) 16... Nd7 $14 17. Rhe1 $36 {[%emt 0:07:50][%mdl 2048] Black is under pressure.} b5 {[%emt 0:10:36] Against a4} 18. Bf1 Bg7 19. Ne2 e5 (19... O-O-O $11 {remains equal.}) 20. Nd4 $16 Rc8 {[%emt 0:06:49] This move loses the game for Black.} (20... O-O-O $16 21. Nxf5 (21. dxc6 bxc6 22. Nxf5 gxf5 $16) 21... gxf5) 21. Nxf5 $18 gxf5 22. Bd3 O-O 23. Bg5 Nb6 24. Bxf5 Rb8 (24... Nxd5 {keeps fighting.} 25. Bxc8 Rxc8) 25. d6 f6 26. Be3 {[%emt 0:00:32] White is clearly winning.} Nc4 27. Be6+ {[%emt 0:01:25] A strong pair of Bishops.} Kh8 28. Bxc4 bxc4 29. d7 Rfd8 30. Bb6 Kg8 31. Bxd8 Rxd8 {[%emt 0:00:01][%mdl 4096] Endgame KRR-KRB} 32. Re4 b5 33. Rh4 Kf7 34. Rxh5 Ke6 35. Rh7 Bf8 36. Rh8 {[%emt 0:00:17][%cal Oh8f8] [#] Hoping for Rxf8!} Ke7 37. h4 {[%emt 0:00:34] Weighted Error Value: White=0.07 (flawless) /Black=0.34} 1-0

[Event "GER-ch Youth-U16 2022"]
[Site "Willingen"]
[Date "2022.06.10"]
[Round "8.1"]
[White "Lutsko, Artem"]
[Black "Foerster-Yialamas, Lucas"]
[Result "1/2-1/2"]
[ECO "D85"]
[WhiteElo "2392"]
[BlackElo "2117"]
[Annotator "TA"]
[PlyCount "115"]
[EventDate "2022.06.05"]
[EventType "swiss"]
[EventRounds "9"]
[EventCountry "GER"]
[SourceTitle "playchess.com"]
[Source "ChessBase"]
[SourceQuality "1"]
[TimeControl "40/4500+30:900+30"]

1. d4 Nf6 2. c4 g6 3. Nc3 d5 4. cxd5 Nxd5 5. Bd2 c5 6. e4 {[%emt 0:00:00] D85: Exchange Grünfeld: Unusual White 7th moves and lines with 7 Nf3.} (6. dxc5 {is more complex.} Bg7 7. Qb3 Nxc3 8. Bxc3 e5 9. Nf3) 6... Nxc3 7. Bxc3 cxd4 8. Qxd4 {[%emt 0:00:00] The position is equal.} (8. Bxd4 {is interesting.} e5 9. Bxe5 Bb4+ 10. Bc3) 8... Qxd4 9. Bxd4 f6 10. Bc4 e5 11. Be3 {[%emt 0:00:05] [#]} Bb4+ $146 ({Predecessor:} 11... Bd7 12. O-O-O Bc6 13. Bd5 Nd7 14. Ne2 Rc8 15. Kb1 Bc5 16. Bxc5 Nxc5 17. Nc3 Ke7 18. Rd2 Rhd8 19. Rhd1 Bxd5 20. Nxd5+ Kf7 21. Nc3 Rxd2 22. Rxd2 Ke6 23. f3 {½-½ (23) Tukmakov,V (2600)-Khenkin,I (2570) Elenite 1993}) 12. Ke2 Ke7 13. Nf3 Nc6 14. a3 (14. Rhd1 {with more complications.} Bd6 15. a3 Bd7 16. Bd5) 14... Bd6 15. Rac1 Rd8 16. Nd2 Be6 17. b4 Rac8 18. Bxe6 Kxe6 19. Nb3 b6 20. b5 (20. Rhd1 {keeps more tension.} f5 21. f3 Ne7 22. Bf2) 20... Nb8 21. a4 Nd7 22. a5 (22. Rhd1 {seems wilder.} f5 23. f3 Rf8 24. a5) 22... Nc5 23. Nxc5+ Bxc5 24. Bxc5 bxc5 $11 {[%emt 0:09:58][%mdl 4096] Endgame KRR-KRR} 25. Rhd1 Rd4 26. Rxd4 exd4 {[%emt 0:00:07] KR-KR} 27. Kd3 Kd6 (27... f5 $11) 28. Kc4 $1 $16 Rb8 (28... g5 $16 {is a better defense.}) 29. f4 $1 $18 a6 $2 {[%emt 0:14:58][%mdl 8192] [#] A mistake that costs the game.} (29... h5 $16 30. Rb1 Rd8) 30. b6 $1 Kc6 31. Re1 Rd8 32. Rd1 Re8 33. Rb1 Kb7 {[%emt 0:01:01] [#]} 34. Re1 ({Not} 34. Kxc5 Rxe4 35. Rd1 Rxf4 $16) 34... Rd8 $2 (34... Kc6 35. e5 g5) 35. Kxc5 d3 36. Rd1 {[%emt 0:02:34] e5 is the strong threat.} d2 37. e5 fxe5 38. fxe5 {[%emt 0:00:03][%cal Bf4e5,Be5e6][%mdl 32] Intending e6 and mate.} Rd3 39. e6 {[%emt 0:00:35] White wants to mate with e7.} Kc8 40. Kc6 Rc3+ 41. Kd6 Rd3+ 42. Ke7 {[%emt 0:00:00] Threatening mate with Kf7.} Rd5 43. g4 (43. Ke8 $142 Kb7 44. e7) 43... Rd3 44. Kf7 Rf3+ 45. Kg7 Re3 46. Kxh7 Rxe6 47. Rxd2 {[%emt 0:00:00] And now h4 would win.} g5 48. Rc2+ {[%emt 0:00:00] White mates.} Kb7 49. Rc7+ Kb8 50. Rc5 Re2 51. Rxg5 Rxh2+ 52. Rh5 Ra2 53. Rc5 Rh2+ 54. Kg7 Kb7 55. g5 Rh5 56. Kg6 Rh1 57. Rc7+ Kb8 58. Ra7 {[%emt 0:00:00][%mdl 32768] Weighted Error Value: White=0.09 (flawless) /Black=0.41. An unexpected result.} 1/2-1/2